 Dungeon Crawl Stone Soup version 0.29.1-1-gd02db6906a (webtiles) character file.

Game seed: 16668867696534528208

108306 xian the Gelid (level 16, -38/114 (121) HPs)
             Began as a Merfolk Ice Elementalist on Oct 18, 2022.
             Was a High Priest of Ashenzari.
             Annihilated by a pharaoh ant (42 damage)
             ... on level 2 of the Spider Nest on Oct 19, 2022.
             The game lasted 01:51:04 (23117 turns).

xian the Gelid (Merfolk Ice Elementalist)          Turns: 23117, Time: 01:51:05

HP:   -38/114 (121) AC: 16    Str: 10 (11) XL:     16   Next: 49%
MP:   1/32          EV: 20    Int: 19      God:    Ashenzari [*****.]
Gold: 1702          SH:  5    Dex: 15      Spells: 8/40 levels left

rFire   x . .      SeeInvis +   X - +1 arbalest of the Fated Visionary {vorpal, Elem, Range} (curse)
rCold   + . .      Faith    .   (shield currently unavailable)
rNeg    . . .      Spirit   .   o - +2 ring mail of Ashenzari's Secrets {Harm Will++ Regen+, Alch, Range} (curse)
rPois   +          Reflect  +   v - +2 hat of the Perceptive Loss {Fort, Cun} (curse)
rElec   .          Harm     +   (no cloak)
rCorr   .          Rampage  .   m - +0 pair of gloves "Lashed Together" {Melee, Bglg} (curse)
Will    +++..      Clarity  +   (no boots)
Stlth   +++.......              t - amulet of Ashenzari's Seeker {Reflect SH+5, Comp, Elem} (curse)
HPRegen 1.09/turn               F - ring of Ashenzari's Discomfort {rPois rF- rC+ EV+4, Melee, Range} (curse)
MPRegen 0.23/turn               x - ring of the Shackled Welkin {AC+4, Range, Cun} (curse)

@: very slightly contaminated, drained
A: (nimble swimmer 2), mertail
a: Renounce Religion, Curse Item, Shatter the Chains


You were on level 2 of the Spider Nest.
You worshipped Ashenzari.
Ashenzari was extremely pleased with you.
You visited 5 branches of the dungeon, and saw 25 of its levels.
You also visited: Sewer.

You collected 2997 gold pieces.
You spent 1295 gold pieces at shops.

Inventory:

Hand Weapons
 e - the +3 sling of the Aged Cities {flame, Dex+8}
   (You found it on level 11 of the Dungeon)

   Any ammunition fired from it burns those it strikes, dealing additional fire
   damage.
   Dex:       It affects your dexterity (+8).
 z - a +2 dagger of venom
 X - the cursed +1 arbalest of the Fated Visionary (weapon) {vorpal, Elem, Range}
   (You took it off an orc warrior on level 2 of the Orcish Mines)

   Any ammunition fired from it inflicts extra damage upon your enemies.
   It has a curse which improves the following skills: Elements: Fire Magic, Ice
   Magic, Air Magic and Earth Magic.
   Ranged Combat: Ranged Weapons and Throwing.
Missiles
 P - 4 throwing nets
Armour
 f - the +2 plate armour of Hide-and-Seek {-Tele Rampage rN+ rCorr}
   (You found it on level 1 of the Lair of Beasts)

   rN:        It protects you from negative energy.
   -Tele:     It prevents most forms of teleportation.
   rCorr:     It protects you from acid and corrosion.
   Rampage:   It bestows one free step when moving towards enemies.
 i - a scarf of shadows
 m - the cursed +0 pair of gloves "Lashed Together" (worn) {Melee, Bglg}
   (You found it on level 1 of the Dungeon)

   It has a curse which improves the following skills: Melee Combat: Short
   Blades, Long Blades, Axes, Maces & Flails, Polearms, Staves and Unarmed
   Combat.
   Beguiling: Conjurations, Hexes and Translocations.
 o - the cursed +2 ring mail of Ashenzari's Secrets (worn) {Harm Will++ Regen+, Alch, Range}
   (You found it on level 4 of the Dungeon)

   Regen:     It increases your rate of health regeneration.
   Harm:      It increases damage dealt and taken.
   Will:      It greatly increases your willpower.
   It has a curse which improves the following skills: Alchemy: Poison Magic and
   Transmutations.
   Ranged Combat: Ranged Weapons and Throwing.
 v - the cursed +2 hat of the Perceptive Loss (worn) {Fort, Cun}
   (You found it on level 3 of the Dungeon)

   It has a curse which improves the following skills: Fortitude: Armour and
   Shields.
   Cunning:   Dodging and Stealth.
 M - a +0 pair of gloves
 N - a +0 troll leather armour
Magical Staves
 r - a staff of cold
Jewellery
 n - a +6 ring of intelligence
 t - the cursed amulet of Ashenzari's Seeker (around neck) {Reflect SH+5, Comp, Elem}
   (You found it on level 2 of the Dungeon)

   [amulet of reflection]

   It reflects blocked missile attacks.
   SH:        It affects your SH (+5).
   It has a curse which improves the following skills: Companions: Summonings
   and Necromancy.
   Elements:  Fire Magic, Ice Magic, Air Magic and Earth Magic.
 x - the cursed ring of the Shackled Welkin (right hand) {AC+4, Range, Cun}
   (You found it on level 4 of the Dungeon)

   [ring of protection]

   AC:        It affects your AC (+4).
   It has a curse which improves the following skills: Ranged Combat: Ranged
   Weapons and Throwing.
   Cunning:   Dodging and Stealth.
 F - the cursed ring of Ashenzari's Discomfort (left hand) {rPois rF- rC+ EV+4, Melee, Range}
   (You found it on level 6 of the Dungeon)

   [ring of evasion]

   EV:        It affects your evasion (+4).
   rF:        It makes you vulnerable to fire.
   rC:        It protects you from cold.
   rPois:     It protects you from poison.
   It has a curse which improves the following skills: Melee Combat: Short
   Blades, Long Blades, Axes, Maces & Flails, Polearms, Staves and Unarmed
   Combat.
   Ranged Combat: Ranged Weapons and Throwing.
 G - a ring of poison resistance
 J - a +4 ring of protection
 V - the ring of Ticlum {Will+ rCorr EV+4 Dex+3}
   (You found it on level 15 of the Dungeon)

   [ring of evasion]

   EV:        It affects your evasion (+4).
   Dex:       It affects your dexterity (+3).
   rCorr:     It protects you from acid and corrosion.
   Will:      It increases your willpower.
Wands
 a - a wand of digging (8)
 y - a wand of polymorph (21)
 E - a wand of roots (26)
 K - a wand of charming (13)
 R - a wand of mindburst (19)
 T - a wand of acid (11)
 U - a wand of flame (11)
Scrolls
 d - a scroll of amnesia
 g - 2 scrolls of summoning
 h - 5 scrolls of blinking
 k - 6 scrolls of teleportation
 l - 3 scrolls of fear
 q - 3 scrolls of magic mapping
 w - 4 scrolls of poison
 A - 3 scrolls of immolation
 O - a scroll of enchant weapon
 Q - a scroll of enchant armour
Potions
 b - 2 potions of magic
 c - 7 potions of mutation
 j - 6 potions of curing
 s - 3 potions of haste
 u - 3 potions of ambrosia
 B - 4 potions of might
 C - 2 potions of cancellation
 H - a potion of flight
 I - a potion of invisibility
 L - 3 potions of lignification
 S - a potion of brilliance
 W - a potion of berserk rage
 Y - a potion of resistance
 Z - a potion of heal wounds
Miscellaneous
 D - a phantom mirror


   Skills:
 + Level 9.7 Fighting
 - Level 3.3(6.3) Short Blades
 - Level 0.4(1.6) Staves
 + Level 12.2(17.7) Ranged Weapons
 + Level 5.8(8.1) Armour
 + Level 10.0(13.4) Dodging
 + Level 4.3(7.5) Stealth
 - Level 5.5(7.8) Shields
 + Level 12.9 Spellcasting
 * Level 6.3(8.7) Summonings
 * Level 15.6(19.0) Ice Magic
 - Level 1.5 Evocations


You had 8 spell levels left.
You knew the following spells:

 Your Spells              Type           Power      Damage    Failure   Level
a - Freeze                Ice            100%       1d11      0%          1
b - Frozen Ramparts       Ice            100%       1d16      0%          3
c - Ozocubu's Armour      Ice            71%        N/A       0%          3
d - Hailstorm             Conj/Ice       48%        3d11      2%          4
e - Ensorcelled Hibernat  Hex/Ice        96%        N/A       1%          2
f - Summon Ice Beast      Ice/Summ       60%        N/A       1%          4
g - Ice Form              Ice/Tmut       48%        N/A       2%          4
h - Metabolic Englaciati  Hex/Ice        24%        N/A       6%          5
i - Simulacrum            Ice/Necr       24%        N/A       34%         6

Your spell library contained the following spells:

 Spells                   Type           Power      Damage    Failure   Level
 Summon Small Mammal      Summ           100%       N/A       1%          1
 Call Canine Familiar     Summ           45%        N/A       1%          3
 Apportation              Tloc           26%        N/A       11%         1
 Beastly Appendage        Tmut           26%        N/A       11%         1
 Foxfire                  Conj/Fire      52%        2x1d6     11%         1
 Necrotise                Necr           52%        1d6       11%         1
 Slow                     Hex            52%        N/A       11%         1
 Blink                    Tloc           26%        N/A       16%         2
 Static Discharge         Conj/Air       13%        3-5/arc   16%         2
 Sublimation of Blood     Necr           13%        N/A       16%         2
 Wereblood                Tmut           13%        N/A       16%         2
 Conjure Flame            Conj/Fire      13%        6-21      30%         3
 Inner Flame              Hex/Fire       13%        N/A       30%         3
 Confusing Touch          Hex            13%        N/A       32%         3
 Lesser Beckoning         Tloc           13%        N/A       32%         3
 Spider Form              Tmut/Pois      13%        N/A       32%         3
 Tukima's Dance           Hex            13%        N/A       32%         3
 Vampiric Draining        Necr           13%        2d6       32%         3
 Anguish                  Hex/Necr       6%         N/A       71%         4
 Animate Dead             Necr           13%        N/A       71%         4
 Dispel Undead            Necr           13%        3d9       71%         4
 Flame Wave               Conj/Fire      13%        2d6       71%         4
 Sticky Flame             Conj/Fire      13%        2d4       71%         4
 Borgnjor's Vile Clutch   Necr/Erth      6%         N/A       96%         5
 Manifold Assault         Tloc           13%        N/A       96%         5
 Silence                  Hex/Air        6%         N/A       96%         5
 Yara's Violent Unravell  Hex/Tmut       6%         3d5       96%         5
 Summon Hydra             Summ           22%        N/A       96%         7
 Conjure Ball Lightning   Conj/Air       6%         3x3d6     100%        6
 Death Channel            Necr           6%         N/A       100%        6
 Enfeeble                 Hex            6%         N/A       100%        7
 Malign Gateway           Summ/Tloc      14%        N/A       100%        7
 Discord                  Hex            6%         N/A       100%        8
 Disjunction              Tloc           6%         N/A       100%        8
 Summon Horrible Things   Summ           22%        N/A       100%        8


Dungeon Overview and Level Annotations

Branches:
Dungeon (15/15)            Temple (1/1) D:5            Lair (5/5) D:11
 Shoals (0/4) Lair:3       Spider (2/4) Lair:2        Slime (0/5) Lair:5
    Orc (2/2) D:11            Elf (0/3) Orc:2        Vaults (0/5) D:14
 Depths (0/4) D:15          Sewer (visited)

Altars:
Ashenzari
Cheibriados
Dithmenos
Elyvilon
Fedhas
Gozag
Hepliaklqana
Kikubaaqudgha
Makhleb
Nemelex Xobeh
Okawaru
Qazlal
Ru
Trog
Uskayaw
Wu Jian
Yredelemnul
Zin
The Shining One
Jiyva

Shops:
D:4 [*   D:15 :   Orc:1 :   Orc:2 ([([

Annotations:
D:6 Maggie
D:8 1 runed translucent door, safid's ghost, novice MiHu


Innate Abilities, Weirdness & Mutations

((You are very nimble when in or above water. (Stealth+, EV+, Speed+++)))
Your lower body shifts to a powerful aquatic tail in water.


Message History

Press: ? - help, Q - select action, (/) - cycle Shift-Dir - straight line, f/p - redback
Aim: a redback (lightly wounded, simulacrum, 62% to hit)
You shoot a bolt. The bolt closely misses the redback.
The bolt misses the culicivora.
The frozen ramparts melt away.
The tarantella is no longer moving slowly.
The redback barely misses you. The pharaoh ant closely misses you.
The demonic crawler hits your ice beast!
The demonic crawler hits your ice beast.
The demonic crawler closely misses your ice beast.
The redback bites you but does no damage.
Your ice beast hits the demonic crawler.
Your ice beast freezes the demonic crawler!
The demonic crawler resists.
The pharaoh ant misses you.
Okay, then.
Okay, then.
Unknown command.
Your icy armour will break if you move.
Continue?
Your icy armour cracks and falls away as you move.
A ghost moth comes into view.
The tarantella is no longer moving slowly.
The redback misses you.
A culicivora comes into view.
The tarantella misses you. The broodmother bites you!!
* * * LOW HITPOINT WARNING * * *
The demonic crawler hits your ice beast!
Your ice beast dies!
Your ice beast disappears in a puff of smoke!
The redback closely misses you.
The jumping spider leaps!
The pharaoh ant misses you. The ghost moth stares at you.
You feel your power leaking away. The broodmother completely misses you.
The redback closely misses you.
The demonic crawler gives a hideous shriek!
There is a stone staircase leading up, spattered with blood here.
The demonic crawler misses you.
The demonic crawler completely misses you.
The demonic crawler hits you but does no damage.
The redback misses you. The pharaoh ant bites you!!
You die...

, , *^ ,,,, , , ,, ,
* , ,
,,#..........$... ,,
, , ,#.......y.s....
,,, , ,
.^............. ,,
,, ,
,,.....^.........
*~~* *
,,,,.......s$......,
~ ^,,, ,
**#....sss^....^,
,.###...sss.....** ,
, , .^....s@Bs....#
,,, ,
,,......sss...#~#,
,, ,,
,,...~#~##....... ,
, , ,,
..#~...^..s..s" .
#.....$...... , ,, ,
,,#.., ....s.. , , ,
,, , ,
##****#...^..,, , ,
* , , ..#... ,, ,, ^
,, , , ^.#...,, ,


You could see a broodmother, a ghost moth (invisible), 2 demonic crawlers, 2
wolf spiders, 2 culicivoras, a pharaoh ant, 3 jumping spiders, 2 tarantellas and
4 redbacks.

Vanquished Creatures
  An orc warlord (Orc:1)
  A ghost moth (Spider:1)
  A stone giant (D:15)
  A broodmother (Spider:1)
  An entropy weaver (Spider:1)
  Snorg (Orc:1)
  Josephine (Lair:3)
  A fire dragon (D:15)
  10 hydras
  Erolcha (Orc:1)
  3 vault guards (D:14)
  Harold (Orc:1)
  4 two-headed ogres
  3 boulder beetles
  6 centaur warriors
  2 catoblepae (Lair:5)
  A radroach (Spider:1)
  7 orc high priests (Orc:2)
  3 tengu warriors
  4 death yaks (Lair:3)
  4 skeletal warriors
  A goliath frog (Lair:5)
  A steelbarb worm (Spider:1)
  2 orb spiders
  2 necromancers (D:14)
  2 wizards
  5 cyclopes
  3 wolf spider zombies (D:13)
  An oklob plant (Lair:4)
  A deep elf pyromancer (D:14)
  6 wolf spiders
  A moth of wrath (Spider:1)
  3 manticores
  5 ugly things
  7 elephants
  2 merfolk sirens (Lair:3)
  6 black mambas
  9 centaur zombies (D:13)
  A gargoyle (D:13)
  15 cane toads
  A torpor snail (Spider:1)
  An unseen horror (D:11)
  A redback zombie (D:13)
  5 kobold demonologists
  4 rime drakes
  A yaktaur (shapeshifter) (D:14)
  8 komodo dragons
  3 demonic crawlers (Spider:1)
  3 tengu conjurers
  A meliai (shapeshifter) (D:15)
  4 polar bears
  6 trolls
  2 merfolk (Lair:3)
  4 tarantellas (Spider:1)
  2 tyrant leeches (Lair:5)
  13 blink frogs
  Grinder (D:6)
  4 slime creatures
  13 dream sheep
  A meliai zombie (D:13)
  3 shadows
  4 vampires (D:13)
  7 wraiths
  44 yaks
  5 jumping spiders (Spider:1)
  4 culicivoras (Spider:1)
  3 wyverns
  23 humans
  4 basilisks
  Eustachio (D:7)
  10 redbacks
  7 vampire mosquitoes
  9 wargs
  10 water moccasins
  2 acid dragons
  22 orc warriors
  An ice beast (D:8)
  2 black bears
  4 centaurs
  14 wolves
  5 ogres
  4 kobold brigands
  2 phantoms (D:5)
  15 bullfrogs
  A gnoll sergeant (D:5)
  14 wights
  9 killer bees
  6 electric eels
  5 howler monkeys
  3 hounds
  A lava snake (Lair:3)
  45 orc priests
  6 jellies
  A gnoll bouda (D:7)
  An iguana (D:5)
  23 orc wizards
  Robin (D:4)
  15 gnolls
  10 adders
  2 river rats (D:6)
  A shadow imp (D:5)
  A worm (D:3)
  2 dart slugs
  84 orcs
  28 endoplasms
  9 giant cockroaches
  16 goblins
  14 hobgoblins
  3 jackals (D:1)
  6 quokkas
  23 ball pythons
  3 bats
  10 frilled lizards
  49 kobolds
  4 rats
  A butterfly (Lair:1)
810 creatures vanquished.

Vanquished Creatures (collateral kills)
  A pharaoh ant (Spider:1)
  An orb spider (Spider:1)
  A wolf spider (Spider:1)
  A tarantella (Spider:2)
  2 jumping spiders (Spider:1)
  A culicivora (Spider:1)
  3 redbacks
10 creatures vanquished.

Vanquished Creatures (others)
  21 fungi
  86 plants
  4 toadstools (D:2)
  4 withered plants (D:13)
115 creatures vanquished.

Grand Total: 935 creatures vanquished

Notes
Turn   | Place    | Note
-------+----------+-------------------------------------------
     0 | D:1      | xian the Merfolk Ice Elementalist began the quest for the
                  | Orb.
     0 | D:1      | Reached XP level 1. HP: 13/13 MP: 3/3
   163 | D:1      | Found a faded altar of an unknown god.
   298 | D:1      | Reached XP level 2. HP: 10/19 MP: 3/5
   963 | D:1      | Reached XP level 3. HP: 24/24 MP: 3/6
   967 | D:1      | Learned a level 3 spell: Frozen Ramparts
  1638 | D:2      | Reached skill level 5 in Ice Magic
  2011 | D:2      | Reached XP level 4. HP: 30/30 MP: 5/8
  2017 | D:2      | Learned a level 3 spell: Ozocubu's Armour
  2358 | D:2      | Reached XP level 5. HP: 30/36 MP: 2/10
  3697 | D:4      | Learned a level 4 spell: Hailstorm
  3738 | D:4      | Found Saazap's Neck Hole.
  3823 | D:4      | Found an ornate altar of the Wu Jian Council.
  3857 | D:4      | Reached skill level 6 in Ice Magic
  3857 | D:4      | Reached XP level 6. HP: 42/42 MP: 8/11
  3987 | D:4      | Noticed Robin
  3999 | D:4      | Killed Robin
  4341 | D:4      | Found Gadi's Antique Armour Shop.
  4344 | D:4      | Identified the +2 ring mail "Semafroo" {Harm Will++ Regen+}
  4772 | D:5      | Entered Level 5 of the Dungeon
  4832 | D:5      | Reached skill level 1 in Short Blades
  4832 | D:5      | Reached XP level 7. HP: 47/47 MP: 3/13
  4846 | D:5      | Reached skill level 1 in Armour
  4995 | D:5      | Reached skill level 5 in Spellcasting
  5268 | D:5      | Reached skill level 7 in Ice Magic
  5418 | D:5      | Reached XP level 8. HP: 49/53 MP: 16/16
  5519 | D:5      | Found a staircase to the Ecumenical Temple.
  5526 | Temple   | Entered the Ecumenical Temple
  5868 | Temple   | Became a worshipper of Ashenzari the Shackled
  6053 | D:6      | Reached skill level 1 in Shields
  6077 | D:6      | Identified a scroll of acquirement
  6084 | D:6      | Acquired 840 gold pieces
  6140 | D:6      | Found a glowing drain.
  6212 | Sewer    | Entered a sewer
  6661 | D:6      | Noticed Eustachio
  6674 | D:7      | Killed Eustachio
  6675 | D:7      | Reached skill level 8 in Ice Magic
  6794 | D:6      | Found a sparkling altar of Nemelex Xobeh.
  6794 | D:6      | Found a transporter.
  6794 | D:6      | Noticed Grinder
  6814 | D:6      | Noticed a cyclops
  6821 | D:6      | Killed Grinder
  6822 | D:6      | Reached XP level 9. HP: 58/58 MP: 10/19
  6875 | D:6      | Identified the ring "Hacwo" {rPois rF- rC+ EV+4}
  7036 | D:6      | Noticed Maggie
  7036 | D:6      | You fall into a shaft and drop 2 floors!
  7282 | D:8      | Reached skill level 9 in Ice Magic
  7305 | D:8      | Found a runed translucent door.
  7308 | D:8      | Noticed a seven-headed hydra
  7308 | D:8      | Noticed safid's ghost (novice MiHu)
  7482 | D:8      | Reached skill level 1 in Evocations
  7507 | D:8      | Reached skill level 1 in Fighting
  7799 | D:8      | Noticed a two-headed ogre
  7805 | D:8      | Killed a two-headed ogre
  7806 | D:8      | Reached skill level 10 in Ice Magic
  7806 | D:8      | Reached XP level 10. HP: 57/67 MP: 12/22
  8677 | D:9      | Found a hide-covered altar of Uskayaw.
  8677 | D:9      | Noticed a centaur warrior
  8685 | D:9      | Killed a centaur warrior
  8686 | D:9      | Reached skill level 5 in Dodging
  8843 | D:9      | Reached skill level 1 in Ranged Weapons
  8846 | D:9      | Reached skill level 11 in Ice Magic
  8941 | D:9      | Reached XP level 11. HP: 49/74 MP: 17/24
  9221 | D:9      | Found a blossoming altar of Fedhas.
  9586 | D:10     | Entered Level 10 of the Dungeon
  9933 | D:10     | Noticed a two-headed ogre
  9944 | D:10     | Killed a two-headed ogre
 10256 | D:10     | Noticed a two-headed ogre
 10260 | D:10     | Killed a two-headed ogre
 10261 | D:10     | Reached skill level 5 in Ranged Weapons
 10477 | D:10     | Reached * piety under Ashenzari
 10655 | D:11     | Noticed a cyclops
 10665 | D:11     | Killed a cyclops
 10732 | D:11     | Found a staircase to the Orcish Mines.
 10787 | D:11     | Found a staircase to the Lair.
 11013 | D:11     | Noticed a boulder beetle
 11020 | D:11     | HP: 2/76 [boulder beetle (15)]
 11028 | D:11     | HP: 3/76 [boulder beetle (13)]
 11029 | D:11     | Killed a boulder beetle
 11030 | D:11     | Reached XP level 12. HP: 4/83 MP: 15/25
 11115 | D:11     | Reached ** piety under Ashenzari
 11155 | D:11     | Identified the +3 sling of the Aged Cities {flame, Dex+8}
 11163 | D:11     | Reached skill level 10 in Spellcasting
 11163 | D:11     | Reached skill level 12 in Ice Magic
 11543 | Lair:1   | Entered Level 1 of the Lair of Beasts
 11757 | Lair:1   | Noticed a boulder beetle
 11776 | Lair:1   | Reached skill level 5 in Fighting
 11791 | Lair:1   | Killed a boulder beetle
 12007 | Lair:1   | Identified the +2 plate armour of Hide-and-Seek {-Tele
                  | Rampage rN+ rCorr}
 12403 | Lair:2   | Reached *** piety under Ashenzari
 12477 | Lair:2   | Found a hole to the Spider Nest.
 12588 | Lair:2   | Noticed a four-headed hydra
 12595 | Lair:2   | Killed a four-headed hydra
 12628 | Lair:2   | Noticed an eight-headed hydra
 12634 | Lair:2   | Killed an eight-headed hydra
 12668 | Lair:2   | Learned a level 2 spell: Ensorcelled Hibernation
 12970 | Lair:2   | Reached XP level 13. HP: 55/93 MP: 23/27
 13331 | Lair:3   | Noticed Josephine
 13338 | Lair:3   | Killed Josephine
 13707 | Lair:3   | Reached skill level 13 in Ice Magic
 13746 | Lair:3   | Reached **** piety under Ashenzari
 14220 | Lair:3   | Found a staircase to the Shoals.
 14440 | Lair:4   | Reached skill level 5 in Armour
 14766 | Lair:4   | Reached ***** piety under Ashenzari
 15102 | Lair:4   | Reached skill level 5 in Shields
 15258 | Lair:5   | Entered Level 5 of the Lair of Beasts
 15444 | Lair:5   | Reached XP level 14. HP: 47/108 MP: 27/31
 15762 | Lair:5   | Reached skill level 10 in Ranged Weapons
 16031 | Lair:5   | Found a staircase to the Slime Pits.
 16034 | Lair:5   | Found a viscous altar of Jiyva.
 16317 | Lair:5   | Identified the +0 chain mail of the Untouchables {rPois rN+
                  | Int+3}
 16535 | Orc:1    | Entered Level 1 of the Orcish Mines
 16586 | Orc:2    | Entered Level 2 of the Orcish Mines
 16699 | Orc:2    | Found Gale's Weapon Shop.
 16874 | Orc:2    | Found Laopleys's Antique Armour Shoppe.
 16952 | Orc:2    | Bought a runed scarf for 176 gold pieces
 16952 | Orc:2    | Bought a pair of gloves for 99 gold pieces
 17095 | Orc:2    | Found a staircase to the Elven Halls.
 17318 | Orc:2    | Found Ischuasm's Weapon Shop.
 17448 | Orc:2    | Found Olirgh's Antique Armour Shoppe.
 17875 | Orc:1    | Found Satecaf's Book Boutique.
 17879 | Orc:1    | Bought a book of Rime for 476 gold pieces
 17884 | Orc:1    | Learned a level 4 spell: Summon Ice Beast
 17889 | Orc:1    | Learned a level 4 spell: Ice Form
 17917 | Orc:1    | Reached skill level 14 in Ice Magic
 18062 | Orc:1    | Noticed Snorg
 18062 | Orc:1    | Noticed Harold
 18077 | Orc:1    | Killed Harold
 18078 | Orc:1    | Reached skill level 1 in Summonings
 18078 | Orc:1    | Killed Snorg
 18204 | Orc:1    | Reached XP level 15. HP: 94/112 MP: 25/31
 18217 | Orc:1    | Noticed an orc warlord
 18218 | Orc:1    | Noticed Erolcha
 18232 | Orc:1    | Killed an orc warlord
 18235 | Orc:1    | Killed Erolcha
 19864 | D:14     | Identified the Omnibus of Helpful Curses
 19898 | D:14     | Learned a level 5 spell: Metabolic Englaciation
 20640 | D:14     | Reached skill level 15 in Ice Magic
 20698 | D:14     | Reached skill level 5 in Summonings
 20724 | D:14     | Found a gate to the Vaults.
 20922 | D:15     | Entered Level 15 of the Dungeon
 20931 | D:15     | Found Nyhorel's Book Shop.
 20937 | D:15     | Bought a book of the Tundra for 544 gold pieces
 20944 | D:15     | Learned a level 6 spell: Simulacrum
 21112 | D:15     | Reached XP level 16. HP: 99/120 MP: 25/32
 21487 | D:15     | Identified the ring of Ticlum {Will+ rCorr EV+4 Dex+3}
 21632 | D:15     | Found a staircase to the Depths.
 21818 | Spider:1 | Entered Level 1 of the Spider Nest
 22555 | Spider:1 | Reached skill level 10 in Dodging
 23116 | Spider:2 | HP: 3/114 [broodmother (31)]
 23117 | Spider:2 | Annihilated by a pharaoh ant

Illustrated notes

Levels and vault maps discovered:
D:1:      dpeg_arrival_arbitrary_a, layout_loops_ring,
          ebering_ecumenical_altar_rust, minmay_split_cup_large
D:2:      cheibrodos_fertilizer, layout_loops_corners, minmay_misc_feat_cross,
          kennysheep_generic_room_8
D:3:      layout_basic, lexackson_kobold_supper
D:4:      layout_cave_pods, nicolae_wu_jian_wuxing_cycle, serial_shops,
          nicolae_shop_stone, nicolae_shop_sticking_my_neck_out, uniq_robin
D:5:      layout_rooms, temple_fountains
D:6:      layout_loops_ring, grunt_nemelex_the_gamble,
          nicolae_sif_muna_little_library, amethyst_overflow_temple_binary,
          serial_shops, nicolae_shop_overgrown_old_shop, portal_sewer_entry_b,
          minmay_misc_feat_tower, minmay_hollow_rounded_squares, uniq_eustachio,
          uniq_maggie, uniq_grinder
D:7:      layout_basic
D:8:      layout_basic, ebering_ghost_inner_flame, minmay_misc_feat_columns
D:9:      layout_basic, hangedman_feature_mirror
D:10:     layout_basic, serial_bayou_ford_a, minmay_ruffians
D:11:     layout_long_grid, david_lair_generic, david_orc_5
D:12:     layout_rooms, dk_noncrumbling_4
D:13:     layout_layer_cave, serial_undead, serial_undead_f, serial_undead_f,
          serial_undead_e, serial_undead_c, serial_undead_c, serial_undead_d,
          serial_undead_a, serial_undead_a
D:14:     layout_basic, grunt_vaults_entry_tiered, solitary_fountain,
          grunt_ministairs_6, chequers_avenue
D:15:     grunt_enter_depths_snipers, layout_stronghold, serial_shops, shop
Temple:   minmay_temple_bridge_d
Lair:1:   layout_cave_shapes, lemuel_fruit_fields
Lair:2:   layout_cave_pods, nicolae_spider_entry_orb_guardian,
          serial_bayou_shore_a, grunt_megastairs_2
Lair:3:   layout_gridlike, elwin_shoals_entry_stream, uniq_josephine
Lair:4:   layout_cave_pods, grunt_megastairs_1
Lair:5:   minmay_lair_end_frog_pond, layout_regular_city,
          minmay_slime_entry_pillars, serial_rivers,
          chequers_serial_rivers_small_b, chequers_serial_rivers_micro_b,
          chequers_serial_rivers_micro_b, chequers_serial_rivers_large_a,
          chequers_serial_rivers_marsh, chequers_serial_rivers_micro_b
Spider:1: layout_spider_delve
Spider:2: layout_spider_delve, nicolae_spider_acid_house
Orc:1:    layout_diamond_mine, serial_shops, nicolae_shop_hallway_stairs,
          uniq_snorg, uniq_harold, uniq_erolcha
Orc:2:    st_orc_town, layout_diamond_mine, mines2_david

Skill      XL: |  1  2  3  4  5  6  7  8  9 10 11 12 13 14 15 16 |
---------------+-------------------------------------------------+-----
Dodging        | 3 4 5 6 8 9 10 | 10.0
Ice Magic      | 5 6 7 8 10 11 12 13 14 15 | 15.6
Spellcasting   | 3 4 5 7 8 9 10 11 12 | 12.9
Stealth        | 3 4 |  4.3
Short Blades   | 1 2 3 |  3.3
Armour         | 1 2 3 4 5 |  5.8
Shields        | 1 2 3 4 5 |  5.5
Evocations     | 1 |  1.5
Fighting       | 1 2 3 5 7 8 9 |  9.7
Ranged Weapons | 2 5 7 9 10 11 12 | 12.2
Summonings     | 1 5 6 |  6.3
Staves         | |  0.4

Action                   |  1- 3 |  4- 6 |  7- 9 | 10-12 | 13-15 | 16-18 || total
-------------------------+-------+-------+-------+-------+-------+-------++-------
Melee: Dagger            |    16 |     7 |    73 |   112 |    32 |       ||   240
       Unarmed           |     2 |       |       |       |       |       ||     2
       Staff             |     1 |    27 |    53 |       |       |       ||    81
       Punch             |       |     1 |       |     3 |       |       ||     4
       Tailslap          |       |       |     8 |       |       |       ||     8
 Fire: Longbow           |       |       |       |    31 |       |       ||    31
       Arbalest          |       |       |       |   279 |   984 |   164 ||  1427
 Cast: Freeze            |    60 |    71 |    85 |    24 |     4 |       ||   244
       Frozen Ramparts   |       |     7 |    20 |    44 |    85 |    15 ||   171
       Ozocubu's Armour  |       |     3 |    10 |    31 |    67 |    14 ||   125
       Simulacrum        |       |       |       |       |       |     9 ||     9
       Summon Ice Beast  |       |       |       |       |       |     3 ||     3
       Metabolic Englaci |       |       |       |       |       |     1 ||     1
Invok: Curse Item        |       |       |       |     5 |     3 |       ||     8
       Shatter the Chain |       |       |       |       |     1 |       ||     1
Evoke: Wand              |       |       |     3 |       |       |       ||     3
       Phantom mirror    |       |       |       |       |     1 |       ||     1
  Use: Scroll            |       |       |     8 |     2 |     4 |     1 ||    15
       Potion            |       |       |       |     1 |     3 |     2 ||     6
 Stab: Sleeping          |       |     1 |     2 |       |       |       ||     3
Armor: Robe              |     4 |       |       |       |       |       ||     4
       Leather armour    |    11 |    16 |       |       |       |       ||    27
       Ring mail         |       |    13 |    94 |   115 |   441 |    97 ||   760
Dodge: Dodged            |    49 |    30 |   113 |   263 |   878 |   230 ||  1563
Block: Other             |       |    21 |    58 |    87 |   207 |    58 ||   431
       Reflection        |       |       |     2 |     8 |    12 |       ||    22
